 Dungeon Crawl Stone Soup version 0.22-a0-142-g91cc6d7 (webtiles) character file.

157 mortelune the Skirmisher (level 5, 0/42 HPs)
             Began as a Demonspawn Abyssal Knight on Feb 5, 2018.
             Was a Believer of Lugonu.
             Killed by divine providence
             ... invoked by an orc priest
              (12 damage)
             ... on level 3 of the Dungeon on Feb 6, 2018.
             The game lasted 00:11:00 (3588 turns).

mortelune the Skirmisher (DsAK)                     Turns: 3588, Time: 00:11:00

Health: 0/42       AC:  7    Str: 14    XL:     5   Next: 15%
Magic:  0/6        EV: 10    Int: 13    God:    Lugonu [**....]
Gold:   165        SH:  0    Dex: 12    Spells: 4/4 levels left

rFire    . . .     SeeInvis .   a - +1 falchion
rCold    . . .     Gourm    .   (no shield)
rNeg     . . .     Faith    .   v - +0 ring mail
rPois    .         Spirit   +   (no helmet)
rElec    .         Reflect  .   (no cloak)
rCorr    .         Harm     .   (no gloves)
MR       .....                  (no boots)
Stlth    +.........             (no amulet)
HPRegen  0.14/turn              (no ring)
MPRegen  0.10/turn              (no ring)

@: no status effects
A: claws 1, slimy green scales 1, magic shield
a: Depart the Abyss, Bend Space, Renounce Religion


You were on level 3 of the Dungeon.
You worshipped Lugonu.
Lugonu was pleased with you.
You were hungry.

You visited 1 branch of the dungeon, and saw 3 of its levels.
You visited the Abyss 1 time.

You collected 165 gold pieces.

Inventory:

Hand Weapons
 a - a +1 falchion (weapon)
Armour
 b - a +0 leather armour
 v - a +0 ring mail (worn)
Jewellery
 s - an uncursed ring of positive energy {unknown}
 w - an uncursed amulet of the gourmand {unknown}
Scrolls
 e - 3 scrolls of magic mapping
 g - a scroll of remove curse {unknown}
 l - a scroll of enchant weapon {unknown}
 m - 3 scrolls of fear
 r - 2 scrolls of identify {unknown}
 u - a scroll of teleportation {unknown}
Potions
 d - a potion of brilliance {unknown}
 f - a potion of flight {unknown}
 h - a potion of haste {unknown}
 i - 2 potions of agility {unknown}
 j - 2 potions of heal wounds {unknown}
 k - a potion of cancellation {unknown}
 n - a potion of lignification {unknown}
 o - 2 potions of curing {unknown}
 p - a potion of might {unknown}
 q - a potion of invisibility {unknown}
 t - 2 potions of mutation {unknown}
 x - a potion of resistance {unknown}
Comestibles
 c - 6 rations


   Skills:
 + Level 3.9 Fighting
 * Level 3.7 Long Blades
 + Level 2.8 Armour
 - Level 0.8 Dodging
 - Level 2.4 Invocations


You had 4 spell levels left.
You didn't know any spells.

Dungeon Overview and Level Annotations

Branches:
Dungeon (3/15)

Altars:
Ashenzari
Qazlal
Uskayaw

Annotations:
D:3 2 transporters, varam's ghost, amateur HOFi


Innate Abilities, Weirdness & Mutations

You have sharp fingernails.
You are partially covered in slimy green scales. (AC +2)
When hurt, damage is shared between your health and your magic reserves.


Message History

The goblin hits you but does no damage. The orc barely misses you.
You riposte.
Your ring mail prevents you from hitting the orc.
You barely miss the orc priest.
The orc priest is severely wounded.
The orc priest closely misses you.
You riposte.
You hit the orc priest but do no damage.
The orc priest is severely wounded.
The goblin barely misses you. The bat hits you but does no damage.
The orc hits you but does no damage. The bat closely misses you.
The bat hits you but does no damage. The hobgoblin closely misses you.
The bat closely misses you.
You riposte.
You completely miss the bat. The bat hits you but does no damage.
The hobgoblin barely misses you. The orc priest hits you with a flail.
* * * LOW HITPOINT WARNING * * *
The hobgoblin completely misses you. The bat hits you but does no damage.
The orc priest mumbles some strange prayers to Beogh against you.
Beogh smites you!
You die...

#.................
#................(
#.................
#.................
#.................
#.................
#..g.o............
##.....o...........
#)@bog............!
#.#################
#..................
#.####### ...######
#)# #.. ... #(# #.#
... #.####.####.# #
##.........#.#
#.......##.#.#


You could see an orc priest, 2 orcs, a hobgoblin, a goblin and a bat.

Vanquished Creatures
  An orc priest (D:3)
  4 adders (D:3)
  3 oozes
  A worm (D:2)
  3 dart slugs
  3 leopard geckos
  5 orcs
  A giant cockroach (D:1)
  8 goblins
  6 hobgoblins
  5 jackals
  A quokka (D:3)
  A bat (D:3)
  6 frilled lizards
  11 kobolds
  6 rats
65 creatures vanquished.

Notes
Turn   | Place    | Note
-------+----------+-------------------------------------------
     0 | Abyss:1  | mortelune the Demonspawn Abyssal Knight began the quest for the Orb.
     0 | Abyss:1  | Reached XP level 1. HP: 18/18 MP: 2/2
    55 | Abyss:1  | Found a corrupted altar of Lugonu.
   105 | Abyss:1  | Noticed a small abomination
   106 | D:1      | Escaped the Abyss
   414 | D:1      | Gained mutation: You are partially covered in slimy green scales. (AC +2) [demonic ancestry]
   414 | D:1      | Reached XP level 2. HP: 13/24 MP: 3/3
   564 | D:1      | Reached * piety under Lugonu
   908 | D:1      | Reached XP level 3. HP: 27/29 MP: 4/4
  1437 | D:2      | Found a hide-covered altar of Uskayaw.
  1439 | D:2      | Found a stormy altar of Qazlal.
  1879 | D:2      | Reached ** piety under Lugonu
  2158 | D:3      | Gained mutation: When hurt, damage is shared between your health and your magic reserves. [demonic ancestry]
  2158 | D:3      | Reached XP level 4. HP: 32/35 MP: 5/5
  2168 | D:3      | Found a transporter.
  2171 | D:3      | Noticed a kobold demonologist
  2195 | D:3      | Found a transporter.
  2341 | D:3      | Gained mutation: You have sharp fingernails. [demonic ancestry]
  2341 | D:3      | Reached XP level 5. HP: 28/42 MP: 6/6
  2493 | D:3      | Noticed a phantom
  2656 | D:3      | Found a shattered altar of Ashenzari.
  2702 | D:3      | Noticed varam's ghost (amateur HOFi)
  3588 | D:3      | Killed from afar by an orc priest

Vault maps used:
D:1:      evilmike_arrival_hilbert_curve
D:2:      nicolae_overflow_hidden_temple
D:3:      gammafunk_wand_slinger, lemuel_round_altar

Skill      XL: |  1  2  3 |
---------------+----------+-----
Long Blades    | 2 3 |  3.7
Armour         | 2 |  2.8
Fighting       | |  3.9
Dodging        | |  0.8
Invocations    | |  2.4

Action                   |  1- 3 |  4- 6 || total
-------------------------+-------+-------++-------
Melee: Falchion          |   123 |   116 ||   239
Invok: Depart the Abyss  |     1 |       ||     1
  Use: Scroll            |     2 |       ||     2
  Eat: Chunk             |     4 |     4 ||     8
Armor: Leather armour    |    30 |    34 ||    64
       Ring mail         |       |    15 ||    15
Dodge: Dodged            |    67 |    76 ||   143
       Rpst.: Falchion   |    29 |    25 ||    54

Table legend:
 A = Spawn XP
 B = Non-spawn XP
 C = Spawn XP percentage of total XP
 D = Spawn monster count
 E = Non-spawn monster count
 F = Spawn count percentage of total count
 G = Total turns spent on level
                    A         B        C        D         E        F      G
               +---------+---------+-------+---------+---------+-------+---------
         Total |       0 |     225 |   0.0 |       0 |      65 |   0.0 |  3588
               +---------+---------+-------+---------+---------+-------+---------
           D:1 |       0 |      53 |   0.0 |       0 |      30 |   0.0 |  1211
           D:2 |       0 |      39 |   0.0 |       0 |      12 |   0.0 |  1315
           D:3 |       0 |     133 |   0.0 |       0 |      23 |   0.0 |   956
               +---------+---------+-------+---------+---------+-------+---------
